 Seeded DCSS version 0.25.1-8-g42b30a86e7 (webtiles) character file.

Game seed: 20201210 (custom seed)

86 radhat240 the Shield-Bearer (level 4, -2/40 HPs)
             Began as a Minotaur Fighter on Dec 13, 2020.
             Slain by a worm (6 damage)
             ... on level 3 of the Dungeon on Dec 14, 2020.
             The game lasted 00:11:38 (1994 turns).

radhat240 the Shield-Bearer (Minotaur Fighter)      Turns: 1994, Time: 00:11:39

Health: -2/40      AC:  8    Str: 22    XL:     4   Next: 27%
Magic:  3/3        EV:  7    Int:  5    God:
Gold:   46         SH:  9    Dex:  9    Spells: 3/3 levels left

rFire    . . .     SeeInvis .   a - +0 war axe
rCold    . . .     Gourm    .   c - +0 kite shield
rNeg     . . .     Faith    .   b - +0 scale mail
rPois    .         Spirit   .   (helmet restricted)
rElec    .         Reflect  .   (no cloak)
rCorr    .         Harm     .   (no gloves)
MR       .....                  e - +0 pair of boots
Stlth    ..........             g - amulet of regeneration
HPRegen  0.53/turn              (no ring)
MPRegen  0.08/turn              (no ring)

@: no status effects
A: retaliatory headbutt, horns 2
a: no special abilities


You were on level 3 of the Dungeon.
You were not hungry.

You visited 1 branch of the dungeon, and saw 3 of its levels.

You collected 46 gold pieces.

Inventory:

Hand Weapons
 a - a +0 war axe (weapon)
Armour
 b - a +0 scale mail (worn)
 c - a +0 kite shield (worn)
 e - a +0 pair of boots (worn)
Jewellery
 g - an amulet of regeneration (around neck)
 k - an uncursed amulet of faith {unknown}
 l - an uncursed ring of protection from fire {unknown}
Scrolls
 h - 2 scrolls of amnesia
 i - 2 scrolls of enchant armour
Potions
 d - a potion of might
Comestibles
 f - 5 rations


   Skills:
 + Level 4.2 Fighting
 * Level 3.9 Axes
 + Level 4.2 Armour
 + Level 0.1 Dodging
 + Level 4.2 Shields


You had 3 spell levels left.
You didn't know any spells.
Your spell library was empty.

Dungeon Overview and Level Annotations

Branches:
Dungeon (3/15)

Altars:
Dithmenos
Vehumet
Yredelemnul


Innate Abilities, Weirdness & Mutations

You reflexively headbutt those who attack you in melee.
You have a pair of horns on your head.


Message History

The worm bites you but does no damage. The worm bites you.
* * * LOW HITPOINT WARNING * * *
The worm barely misses you. You block the worm's attack.
The worm closely misses you. You furiously retaliate!
You headbutt the worm. You block the worm's attack.
You block the worm's attack. The worm bites you.
* * * LOW HITPOINT WARNING * * *
The worm bites you.
* * * LOW HITPOINT WARNING * * *
You block the worm's attack. You block the worm's attack.
The worm barely misses you. You block the worm's attack. The worm bites you!
* * * LOW HITPOINT WARNING * * *
The worm bites you.
You die...

........#...
....................
....?...............
..........#........
#.........#....(...
#..................
#......?.##........
#.w............#.##
#.@.############.#
#................#
#...##############
#...# #...# #####


You could see a worm.

Vanquished Creatures
  A gnoll (D:1)
  An adder (D:2)
  An ooze (D:2)
  A worm (D:2)
  3 dart slugs
  An orc (D:3)
  6 bats (D:1)
  A giant cockroach (D:1)
  6 goblins
  13 hobgoblins
  3 jackals (D:2)
  3 frilled lizards
  5 kobolds
  5 rats (D:1)
50 creatures vanquished.

Notes
Turn   | Place    | Note
-------+----------+-------------------------------------------
     0 | D:1      | radhat240 the Minotaur Fighter began the quest for the Orb.
     0 | D:1      | Reached XP level 1. HP: 19/19 MP: 0/0
   195 | D:1      | Reached XP level 2. HP: 27/27 MP: 1/1
   293 | D:1      | Reached XP level 3. HP: 19/33 MP: 2/2
  1146 | D:2      | Reached XP level 4. HP: 40/40 MP: 3/3
  1267 | D:2      | Found a radiant altar of Vehumet.
  1268 | D:2      | Found a basalt altar of Yredelemnul.
  1269 | D:2      | Found a shadowy altar of Dithmenos.
  1994 | D:3      | Slain by a worm

Illustrated notes

Levels and vault maps discovered:
D:1:      dpeg_arrival_snail, layout_basic
D:2:      layout_basic, chequers_temple_overflow_statue_of_worship,
          minmay_hedge_maze, minmay_misc_feat_five
D:3:      layout_basic

Skill      XL: |  1  2  3 |
---------------+----------+-----
Fighting       | 4 |  4.2
Armour         | 4 |  4.2
Shields        | 4 |  4.2
Axes           | 3 |  3.9
Dodging        | |  0.1

Action                   |  1- 3 |  4- 6 || total
-------------------------+-------+-------++-------
Melee: War axe           |    76 |    18 ||    94
       Headbutt          |    14 |     3 ||    17
  Use: Scroll            |     1 |     2 ||     3
       Potion            |     2 |       ||     2
  Eat: Chunk             |     1 |     2 ||     3
Armor: Scale mail        |    36 |    28 ||    64
Dodge: Dodged            |    23 |    19 ||    42
Block: Kite shield       |    47 |    50 ||    97
